 Dungeon Crawl Stone Soup version 0.23.2 (webtiles) character file.

Game seed: 573627467344480463

7215 Borgoz the Covert (level 11, -1/90 (92) HPs)
             Began as a Ghoul Assassin on Apr 4, 2019.
             Was a Follower of Ashenzari.
             Slain by a wolf (6 damage)
             ... led by Grum
             ... on level 10 of the Dungeon.
             The game lasted 00:21:29 (9067 turns).

Borgoz the Covert (Ghoul Assassin)                  Turns: 9067, Time: 00:21:29

HP:   -1/90 (92)    AC: 13    Str: 18    XL:     11   Next: 11%
MP:   10/10         EV: 15    Int:  7    God:    Ashenzari [*.....]
Gold: 301           SH:  0    Dex: 12    Spells: 10/10 levels left

rFire    . . .     SeeInvis .   a - +2 rapier (venom)
rCold    + . .     Gourm    .   (no shield)
rNeg     + + +     Faith    .   h - +0 ring mail
rPois    ∞         Spirit   .   w - +0 helmet (curse)
rElec    .         Reflect  .   d - +0 cloak
rCorr    .         Harm     .   F - +1 pair of gloves
MR       .....                  K - +0 pair of boots
Stlth    +++.......             (no amulet)
HPRegen  0.00/turn              C - +2 ring of evasion
MPRegen  0.12/turn              D - +2 ring of strength

@: very slightly contaminated, rotting
A: rotting body, claws 1, carnivore, cold resistance 1, negative energy
resistance 3, inhibited regeneration, torment resistance, unbreathing
a: Curse Item, Scrying, Renounce Religion


You were on level 10 of the Dungeon.
You worshipped Ashenzari.
Ashenzari was aware of your devotion.
You were not hungry.

You visited 2 branches of the dungeon, and saw 11 of its levels.

You collected 469 gold pieces.
You spent 168 gold pieces at shops.

Inventory:

Hand Weapons
 a - a +2 rapier of venom (weapon)
 b - a +0 blowgun
 A - a +1 dagger of freezing
 G - a +6 short sword
 P - a +3 dagger of venom
Missiles
 e - 43 poisoned needles
 f - 2 curare-tipped needles
 s - 94 bolts
 t - a throwing net (quivered)
 u - 4 tomahawks
 y - 9 tomahawks of returning
 T - 7 javelins
Armour
 d - a +0 cloak (worn)
 h - a +0 ring mail (worn)
 w - a cursed +0 helmet (worn)
 E - a +1 pair of boots
 F - a +1 pair of gloves (worn)
 K - a +0 pair of boots (worn)
Jewellery
 q - an uncursed amulet of guardian spirit
 C - a +2 ring of evasion (left hand)
 D - a +2 ring of strength (right hand)
 H - an uncursed ring of fire
 J - the ring "Betol" {rElec rC- MP+9 EV+3 SInv}
   (You found it on level 7 of the Dungeon)

   [ring of evasion]

   It affects your evasion (+3).
   It makes you vulnerable to cold.
   It insulates you from electricity.
   It affects your magic capacity (+9).
   It lets you see invisible.
 N - an uncursed ring of stealth
 O - an uncursed ring of see invisible
 V - an uncursed ring of ice
Wands
 j - a wand of iceblast (9)
 r - a wand of random effects (22)
 I - a wand of digging (2)
Scrolls
 c - 6 scrolls of teleportation
 m - 3 scrolls of magic mapping
 p - 3 scrolls of amnesia
 Q - a scroll of enchant armour {unknown}
 S - a scroll of vulnerability {unknown}
 U - a scroll of holy word {unknown}
 W - 3 scrolls of fog
Potions
 i - 3 potions of brilliance
 k - a potion of flight {unknown}
 l - 2 potions of magic
 o - 2 potions of ambrosia {unknown}
 v - a potion of agility {unknown}
 x - a potion of cancellation {unknown}
 z - a potion of haste
 B - a potion of resistance
 L - a potion of curing
 M - a potion of lignification
Comestibles
 g - 14 rations


   Skills:
 + Level 7.2 Fighting
 * Level 8.5 Short Blades
 - Level 1.8 Throwing
 + Level 7.9 Armour
 * Level 5.8 Dodging
 + Level 9.2 Stealth
 + Level 0.6 Evocations


You had 10 spell levels left.
You didn't know any spells.
Your spell library contained the following spells:

 Spells                   Type           Power        Failure   Level  Hunger
 Infusion                 Chrm           #...         58%         1    ##.....
 Shroud of Golubria       Chrm/Tloc      #.........   75%         2    ###....
 Song of Slaying          Chrm           #.......     75%         2    ###....
 Sticks to Snakes         Tmut           #.......     75%         2    ###....
 Regeneration             Chrm/Necr      #.........   92%         3    ####...
 Spectral Weapon          Hex/Chrm       #.......     92%         3    ####...
 Beastly Appendage        Tmut           Unusable     N/A         1    N/A
 Spider Form              Tmut/Pois      Unusable     N/A         3    N/A
 Ice Form                 Ice/Tmut       Unusable     N/A         4    N/A
 Blade Hands              Tmut           Unusable     N/A         5    N/A

Dungeon Overview and Level Annotations

Branches:
Dungeon (10/15)            Temple (1/1) D:5            Lair (0/6) D:8
    Orc: D:9-12

Altars:
Ashenzari
Cheibriados
Dithmenos
Elyvilon
Fedhas
Gozag
Hepliaklqana
Kikubaaqudgha
Makhleb
Nemelex Xobeh
Okawaru
Qazlal
Ru
Sif Muna
Trog
Uskayaw
Vehumet
Wu Jian
Xom
Yredelemnul
Zin
The Shining One

Shops:
D:8 ([%

Annotations:
D:5 2 transporters, cklessthan3's ghost, novice HaHu


Innate Abilities, Weirdness & Mutations

Your body is rotting away.
You thrive on raw meat.
You are immune to poison.
You have sharp fingernails.
You are carnivorous and can eat meat at any time.
Your flesh is cold resistant. (rC+)
You are immune to negative energy. (rN+++)
You do not regenerate when monsters are visible.
You are immune to unholy pain and torment.
You can survive without breathing.


Message History

The wolf misses you. The wolf bites you!
* * * LOW HITPOINT WARNING * * *
Okay, then.
Okay, then.
Okay, then.
Okay, then.
Okay, then.
Blink to where?
Press: ? - help, Dir - move target cursor, p - wolf You are very lightly contaminated with residual magic.
As you read the scroll of blinking, it crumbles to dust.
The wolf bites you but does no damage. The wolf bites you.
* * * LOW HITPOINT WARNING * * *
The wolf closely misses you.
There is a stone staircase leading up here.
The wolf bites you.
* * * LOW HITPOINT WARNING * * *
The wolf bites you.
You die...

...# ...#. ..#######
###..... ........# #####
....#.# #.......#
....####...#.# #.......#
....#.##...#.###.......#
....#h##...#...........#
...h'hh§...#...h......#
...a####.#.#...h@.....#
....# #....h###'#+####
....# ###.#.# #.#.#
....# #.#.###.#.# ....#
#.......#.# #####
###.....#.# #.....#.#
#....(#.# #.....#.#


You could see 2 wolves and a jackal.

Vanquished Creatures
  A two-headed ogre (D:8)
  Pikel (D:9)
  A troll (D:10)
  A wyvern (D:9)
  4 yaks (D:9)
  Grum (D:10)
  Duvessa (D:7)
  3 orc warriors (D:7)
  4 slaves (D:9)
  3 ice beasts
  3 sky beasts
  A wolf (D:10)
  A phantom (D:8)
  9 ogres
  3 centaurs
  A crocodile (D:9)
  Blork the orc (D:4)
  4 bullfrogs
  Dowan (D:7)
  4 scorpions
  9 wights
  A howler monkey (D:8)
  A bullfrog zombie (D:6)
  3 crimson imps
  5 jellies
  3 hounds
  4 orc priests
  A gnoll shaman (D:5)
  6 orc wizards
  4 bullfrog skeletons
  3 centaur skeletons
  3 iguanas
  Terence (D:2)
  11 worker ants
  A hound skeleton (D:7)
  2 worker ant zombies
  7 gnolls
  9 adders
  2 shadow imps
  An ooze (D:1)
  An adder zombie (D:5)
  3 adder skeletons
  2 worms
  4 dart slugs
  4 leopard geckos
  25 orcs
  3 ball pythons
  10 bats
  20 giant cockroaches
  9 hobgoblins
  17 jackals
  8 kobolds
  3 quokkas
  6 frilled lizards
  13 goblins
  A leopard gecko zombie (D:6)
  A quokka zombie (D:5)
  8 rats
263 creatures vanquished.

Vanquished Creatures (others)
  An orc wizard (D:7)
  A leopard gecko (D:5)
  3 fungi (D:8)
5 creatures vanquished.

Grand Total: 268 creatures vanquished

Notes
Turn   | Place    | Note
-------+----------+-------------------------------------------
     0 | D:1      | Borgoz the Ghoul Assassin began the quest for the Orb.
     0 | D:1      | Reached XP level 1. HP: 17/17 MP: 0/0
   139 | D:1      | Reached XP level 2. HP: 12/24 MP: 1/1
   225 | D:1      | Reached skill level 5 in Stealth
   241 | D:1      | Reached skill level 1 in Dodging
   246 | D:1      | Reached XP level 3. HP: 21/30 MP: 2/2
   825 | D:2      | Reached XP level 4. HP: 32/37 MP: 3/3
   902 | D:2      | Reached skill level 1 in Armour
  1237 | D:2      | Reached XP level 5. HP: 18/43 MP: 4/4
  1366 | D:2      | Found a basalt altar of Yredelemnul.
  1442 | D:2      | Noticed Terence
  1447 | D:2      | Killed Terence
  1761 | D:2      | Reached XP level 6. HP: 48/51 MP: 5/5
  2984 | D:4      | Noticed Blork the orc
  3019 | D:4      | Killed Blork the orc
  3019 | D:4      | Reached skill level 6 in Stealth
  3111 | D:4      | Found a deep blue altar of Sif Muna.
  3165 | D:5      | Entered Level 5 of the Dungeon
  3181 | D:4      | Reached XP level 7. HP: 54/57 MP: 6/6
  3375 | D:5      | Found a transporter.
  3375 | D:5      | Noticed cklessthan3's ghost (novice HaHu)
  3624 | D:5      | Found a transporter.
  3667 | D:5      | HP: 2/58 [gnoll/+0 spear (7)]
  3982 | D:5      | Found a white marble altar of Elyvilon.
  4059 | D:5      | Found a staircase to the Ecumenical Temple.
  4095 | Temple   | Entered the Ecumenical Temple
  4190 | Temple   | Became a worshipper of Ashenzari the Shackled
  4506 | D:6      | Reached XP level 8. HP: 66/66 MP: 7/7
  4684 | D:6      | Found an ancient bone altar of Kikubaaqudgha.
  5059 | D:6      | Reached skill level 5 in Short Blades
  5421 | D:6      | Reached skill level 7 in Stealth
  5817 | D:7      | Identified the ring "Betol" {rElec rC- MP+9 EV+3 SInv}
  5913 | D:7      | Reached skill level 5 in Fighting
  5913 | D:7      | Reached skill level 5 in Armour
  5913 | D:7      | Reached XP level 9. HP: 30/74 MP: 8/8
  6205 | D:7      | Noticed Duvessa
  6209 | D:7      | Noticed Dowan
  6239 | D:7      | Killed Duvessa
  6263 | D:7      | Killed Dowan
  6596 | D:8      | Found Jam Fuz's Antique Weapon Shop.
  6611 | D:8      | Bought a runed rapier for 168 gold pieces
  6624 | D:8      | Reached * piety under Ashenzari
  6755 | D:8      | Noticed a two-headed ogre
  6758 | D:8      | Found Amugoil's Armour Shoppe.
  6781 | D:8      | Killed a two-headed ogre
  6781 | D:8      | Reached skill level 8 in Stealth
  6827 | D:8      | Found Nujefux's Food Shop.
  6858 | D:8      | Reached XP level 10. HP: 61/83 MP: 9/9
  6994 | D:8      | Found a staircase to the Lair.
  7493 | D:9      | Reached skill level 5 in Dodging
  7545 | D:9      | HP: 2/84 [yak (9)]
  7722 | D:9      | Noticed Pikel
  7784 | D:9      | Killed Pikel
  8464 | D:9      | Reached skill level 9 in Stealth
  8548 | D:9      | Reached XP level 11. HP: 86/92 MP: 10/10
  8969 | D:10     | Entered Level 10 of the Dungeon
  9024 | D:10     | Noticed Grum
  9049 | D:10     | Killed Grum
  9067 | D:10     | Slain by a wolf

Skill      XL: |  1  2  3  4  5  6  7  8  9 10 |
---------------+-------------------------------+-----
Short Blades   | 2 3 4 5 6 8 |  8.5
Stealth        | 5 6 7 8 9 |  9.2
Dodging        | 1 2 3 4 5 |  5.8
Armour         | 1 2 3 5 6 7 |  7.9
Fighting       | 3 4 5 6 7 |  7.2
Throwing       | |  1.8
Evocations     | |  0.6

Action                   |  1- 3 |  4- 6 |  7- 9 | 10-12 || total
-------------------------+-------+-------+-------+-------++-------
Melee: Dagger            |   127 |   314 |   480 |       ||   921
       Rapier            |       |       |    39 |   338 ||   377
 Fire: Blowgun           |       |     4 |     3 |       ||     7
Throw: Throwing net      |       |       |     1 |     1 ||     2
Evoke: Wand              |       |       |     1 |     2 ||     3
  Use: Potion            |       |     4 |     6 |     2 ||    12
       Scroll            |       |     6 |     7 |     2 ||    15
 Stab: Sleeping          |     6 |     5 |     4 |    12 ||    27
       Distracted        |     1 |       |       |       ||     1
       Held in net/web   |       |       |     2 |     1 ||     3
  Eat: Chunk             |     6 |     8 |    20 |    17 ||    51
Armor: Ring mail         |    73 |   157 |   167 |   100 ||   497
Dodge: Dodged            |    80 |   236 |   253 |   245 ||   814
